 Dungeon Crawl Stone Soup version 0.16-a0-3288-g377cd6f (webtiles) character file.

172746 kroki the Severer (level 17, -5/208 HPs)
             Began as a Demonspawn Berserker on Dec 23, 2014.
             Was the Champion of Trog.
             Slain by a guardian serpent (19 damage)
             ... on level 5 of the Snake Pit on Dec 24, 2014.
             The game lasted 01:03:03 (29314 turns).

kroki the Severer (Demonspawn Berserker)           Turns: 29314, Time: 01:03:04

Health: -5/208     AC: 25    Str: 22    XL:     17   Next: 41%
Magic:  8/8        EV: 21    Int: 15    God:    Trog [******]
Gold:   1785       SH:  4    Dex: 20    Spells: 0 memorised, 16 levels left

rFire  + . .     SeeInvis .     q - +9 battleaxe (antimagic)
rCold  + . .     Clarity  +     e - +5 scale mail of Hospitality {rElec rF+ Int+1 Stlth+}
rNeg   . . .     SustAb   .     (no shield)
rPois  +         Gourm    .     W - +2 helmet {rC+}
rElec  +         Spirit   .     a - +2 cloak
rCorr  .         Warding  .     i - +0 pair of gloves (curse)
rMut   .         Stasis   .     (boots unavailable)
MR     +++..                    v - amulet "Inodum" {Clar MR++}
Stlth  ..........               O - ring of poison resistance
                                A - ring of the Invisible Hand {Int+4 Dex-1 Slay+5}

@: berserking, lethally poisoned, very slightly contaminated, very quick,
extremely resistant to hostile enchantments, extremely unstealthy
A: talons 3, large bone plates 3, agile 1, powered by death 3, rot immunity
a: Burn Spellbooks, Berserk, Trog's Hand, Brothers in Arms, Renounce Religion


You were on level 5 of the Snake Pit.
You worshipped Trog.
Trog was exalted by your worship.
You were hungry.

You visited 4 branches of the dungeon, and saw 32 of its levels.
You also visited: Bailey and Ice Cave.

You collected 3486 gold pieces.
You spent 1701 gold pieces at shops.

Inventory:

Hand weapons
 p - a +9 battleaxe of chopping
   (You found it on level 10 of the Dungeon)
 q - a +9 antimagic battleaxe (weapon)
   (Trog gifted it to you on level 8 of the Lair of Beasts)
Missiles
 k - 17 curare-tipped needles {!f}
 V - a throwing net (quivered) {!f}
Armour
 a - a +2 cloak (worn)
   (You found it on level 10 of the Dungeon)
 e - the +5 scale mail of Hospitality (worn) {rElec rF+ Int+1 Stlth+}
   (You found it on level 2 of the Lair of Beasts)

   It affects your intelligence (+1).
   It protects you from fire.
   It insulates you from electricity.
   It makes you more stealthy.
 i - a cursed +0 pair of gloves (worn)
   (You found it on level 6 of the Dungeon)
 W - a +2 helmet of cold resistance (worn)
   (You found it in an ice cave)
Jewellery
 j - the ring of Blue {SustAb Str+3}
   (You found it on level 1 of the Lair of Beasts)

   [ring of sustain abilities]

   It sustains your strength, intelligence and dexterity.
   It affects your strength (+3).
 m - an uncursed ring of see invisible
   (You found it on level 6 of the Dungeon)
 o - a +5 ring of protection
   (You found it on level 3 of the Snake Pit)
 u - an uncursed amulet of resist mutation
   (You found it on level 2 of the Lair of Beasts)
 v - the amulet "Inodum" (around neck) {Clar MR++}
   (You bought it in a shop on level 4 of the Orcish Mines)

   [amulet of clarity]

   It provides mental clarity.
   It affects your resistance to hostile enchantments.
 w - an uncursed amulet of regeneration
   (You found it on level 8 of the Dungeon)
 A - the ring of the Invisible Hand (left hand) {Int+4 Dex-1 Slay+5}
   (You found it on level 5 of the Snake Pit)

   [ring of slaying]

   It affects your intelligence (+4).
   It affects your dexterity (-1).
   It affects your accuracy and damage with ranged weapons and melee attacks
   (+5).
 O - a ring of poison resistance (right hand)
   (You found it on level 4 of the Lair of Beasts)
 S - a +6 ring of protection
   (You bought it in a shop on level 4 of the Orcish Mines)
Magical devices
 n - a wand of teleportation (1)
   (You found it in an ice cave)
 y - a wand of polymorph (7)
   (You found it on level 13 of the Dungeon)
 C - a wand of fire (7)
   (You found it on level 2 of the Snake Pit)
 E - a wand of disintegration (8)
   (You found it on level 3 of the Snake Pit)
 R - a wand of slowing (32)
   (You found it on level 7 of the Lair of Beasts)
 Z - a wand of teleportation (4)
   (You found it on level 7 of the Lair of Beasts)
Scrolls
 f - 18 scrolls of remove curse
 r - 5 scrolls of magic mapping
 x - 5 scrolls of teleportation
 D - a scroll of immolation
 F - 3 scrolls of enchant armour
 H - 2 scrolls of fear
 I - 9 scrolls of identify
 K - a scroll of fog
 M - 2 scrolls of vulnerability
 N - 3 scrolls of recharging
 P - 2 scrolls of blinking
Potions
 b - 10 potions of curing
 d - 5 potions of brilliance
 g - 3 potions of invisibility
 h - 3 potions of might
 l - a potion of heal wounds
 s - 2 potions of restore abilities
 B - 3 potions of magic
 L - 3 potions of agility
 U - 2 potions of cure mutation {!q}
Miscellaneous
 t - a stone of tremors
   (You found it on level 10 of the Dungeon)
 Q - a stone of tremors
   (You found it on level 4 of the Lair of Beasts)
Comestibles
 c - 13 bread rations
 z - 8 meat rations
 T - 20 fruits


   Skills:
 + Level 14.0 Fighting
 * Level 19.3 Axes
 - Level 9.7 Armour
 * Level 13.4 Dodging
 * Level 6.3 Evocations


You had 16 spell levels left.
You didn't know any spells.


Innate Abilities, Weirdness & Mutations

You have claws for feet.
You are completely covered in large bone plates (AC +4, SH +4).
You can steal the life force of all defeated enemies in sight.
You are immune to rotting.
You are agile. (Dex +2)

Dungeon Overview and Level Annotations

Branches:
Dungeon (15/15)            Temple (0/1) D:4            Lair (8/8) D:10
  Swamp (0/5) Lair:3        Snake (5/5) Lair:4        Slime (0/6) Lair:8
    Orc (4/4) D:12            Elf (0/3) Orc:3        Vaults (0/5) D:13
 Depths (0/5) D:15

Altars:
Ashenzari
Dithmenos
Elyvilon
Gozag
Makhleb
Okawaru
Qazlal
Sif Muna
Trog
Vehumet
Xom
Yredelemnul
The Shining One
Beogh
Jiyva

Shops:
Orc:4 =(==

#....⌠...⌠....##........###!...
.......N........#........##....
.................#........#....
...⌠...N.<...⌠..................
........NN........#.............
.......N(..N......#.......##))..
.....N..(⌠......#.......#####..
..........N..S)N#.......# #..
......%...S.S)@#.......## #..
##...........##)...#..## #..
####.....#######.##### #..
###'### ### #.. #.# .... #.
#.... N. #.... S. .... #.. ...


You could see 2 naga warriors, 2 greater nagas, 3 guardian serpents and a naga
mage.


Message History

The naga mage is heavily wounded.
You feel sick. The naga hits you with a trident!
* * * LOW HITPOINT WARNING * * *
The naga closely misses you.
The naga mage falters for a moment.
You take 7 damage.
You slice the naga mage like a ripe choko!!!
You kill the naga mage!
Trog accepts your kill.
Trog appreciates your killing of a magic user.
You slash the greater naga!
The greater naga's magic leaks into the air.
The greater naga is moderately wounded.
You slice the naga!!
You kill the naga!
Trog accepts your kill.
You closely miss the guardian serpent.
The guardian serpent is lightly wounded.
You feel sick.
The guardian serpent hits you but does no damage.
You slice the greater naga!!
The greater naga's magic leaks into the air.
You claw the greater naga!
The greater naga is severely wounded.
You slash the guardian serpent!
The guardian serpent's magic leaks into the air.
The guardian serpent is heavily wounded.
You feel sick.
The greater naga hits you but does no damage.
The greater naga barely misses you. The guardian serpent hits you!!
You die...

Notes
Turn   | Place    | Note
--------------------------------------------------------------
     0 | D:1      | kroki, the Demonspawn Berserker, began the quest for the Orb.
     0 | D:1      | Reached XP level 1. HP: 18/18 MP: 1/1
   224 | D:1      | Reached skill level 3 in Axes
   398 | D:1      | Gained mutation: You can steal the life force of nearby defeated enemies. [demonic ancestry]
   398 | D:1      | Reached XP level 2. HP: 22/24 MP: 2/2
  1335 | D:2      | Reached XP level 3. HP: 22/29 MP: 3/3
  1375 | D:2      | Found a shadowy altar of Dithmenos.
  1375 | D:2      | Found a shimmering altar of Xom.
  1378 | D:2      | Found a shattered altar of Ashenzari.
  1479 | D:2      | Found a white marble altar of Elyvilon.
  1633 | D:3      | Reached skill level 4 in Axes
  1655 | D:3      | Acquired Trog's second power
  1918 | D:3      | Gained mutation: You are immune to rotting. [demonic ancestry]
  1918 | D:3      | Reached XP level 4. HP: 25/35 MP: 4/4
  2168 | D:4      | Reached skill level 5 in Axes
  2192 | D:4      | Reached XP level 5. HP: 35/41 MP: 5/5
  2276 | D:4      | Reached skill level 6 in Axes
  2370 | D:4      | Reached XP level 6. HP: 43/47 MP: 6/6
  2457 | D:4      | Noticed a big kobold
  2460 | D:4      | Noticed Grinder
  2472 | D:4      | Killed Grinder
  2472 | D:4      | Reached skill level 7 in Axes
  2472 | D:4      | Gained mutation: You have sharp toenails. [demonic ancestry]
  2472 | D:4      | Reached XP level 7. HP: 52/52 MP: 7/7
  2475 | D:4      | Killed a big kobold
  2582 | D:4      | Found a staircase to the Ecumenical Temple.
  2918 | D:5      | Entered Level 5 of the Dungeon
  2984 | D:5      | Reached skill level 8 in Axes
  3575 | D:5      | Reached skill level 9 in Axes
  3575 | D:5      | Reached XP level 8. HP: 58/58 MP: 8/8
  3845 | D:5      | Gained mutation: Your body is slowly deteriorating. [potion of mutation]
  3845 | D:5      | Gained mutation: You possess an exceptional clarity of mind. [potion of mutation]
  3845 | D:5      | Gained mutation: Scrolls take you a little longer to read. [potion of mutation]
  4143 | D:5      | Noticed Blork the orc
  4152 | D:5      | Killed Blork the orc
  4152 | D:5      | Reached skill level 10 in Axes
  4162 | D:5      | Found a stormy altar of Qazlal.
  4719 | D:6      | Found a deep blue altar of Sif Muna.
  4734 | D:6      | Acquired Trog's third power
  4927 | D:6      | Reached XP level 9. HP: 63/65 MP: 9/9
  5119 | D:6      | Reached skill level 3 in Armour
  5880 | D:8      | Reached skill level 11 in Axes
  5984 | D:8      | Received a gift from Trog
  6140 | D:8      | Reached skill level 5 in Fighting
  6810 | D:9      | Found an opulent altar of Gozag.
  6844 | D:9      | Found an iron altar of Okawaru.
  7066 | D:9      | Found a bloodstained altar of Trog.
  7280 | D:10     | Entered Level 10 of the Dungeon
  7310 | D:10     | Noticed a gargoyle
  7318 | D:10     | Killed a gargoyle
  7318 | D:10     | Gained mutation: You have razor-sharp toenails. [demonic ancestry]
  7318 | D:10     | Reached XP level 10. HP: 70/76 MP: 10/10
  7325 | D:10     | Noticed Sonja
  7359 | D:10     | Killed Sonja
  7359 | D:10     | Reached skill level 5 in Armour
  7417 | D:10     | Found a staircase to the Lair.
  7422 | D:10     | Reached skill level 6 in Fighting
  7429 | D:10     | Reached skill level 12 in Axes
  7530 | D:10     | Noticed an unseen horror
  7582 | D:10     | Killed an unseen horror
  7970 | D:10     | Noticed a frost giant
  7979 | D:10     | Killed a frost giant
  7979 | D:10     | Reached skill level 6 in Armour
  8199 | Lair:1   | Entered Level 1 of the Lair of Beasts
  8213 | Lair:1   | Gained mutation: You can steal the life force of defeated enemies. [demonic ancestry]
  8213 | Lair:1   | Reached XP level 11. HP: 66/84 MP: 11/11
  8253 | Lair:1   | Noticed an ice dragon
  8254 | Lair:1   | Noticed an ice statue
  8273 | Lair:1   | HP: 6/126 [ice dragon (3)]
  8276 | Lair:1   | Killed an ice dragon
  8276 | Lair:1   | Reached skill level 13 in Axes
  8653 | Lair:1   | Received a gift from Trog
  8756 | Lair:1   | Noticed a seven-headed hydra
  8762 | Lair:1   | Killed a nine-headed hydra
  9029 | Lair:1   | Identified a +0 rod of ignition (9/9) (You found it on level 8 of the Dungeon)
  9039 | Lair:1   | Killed an ice statue
  9039 | Lair:1   | Reached skill level 8 in Fighting
  9396 | Lair:2   | Reached skill level 14 in Axes
  9415 | Lair:2   | Got an encrusted scale mail
  9433 | Lair:2   | Identified the +5 scale mail of Hospitality {rElec rF+ Int+1 Stlth+} (You found it on level 2 of the Lair of Beasts)
  9598 | Lair:2   | Reached skill level 8 in Armour
  9666 | Lair:2   | Reached XP level 12. HP: 65/94 MP: 12/12
 10340 | Lair:3   | Gained mutation: You are agile. (Dex +2) [potion of beneficial mutation]
 10512 | Lair:3   | Found a staircase to the Swamp.
 10621 | Lair:3   | Noticed a four-headed hydra
 10632 | Lair:3   | Killed a 11-headed hydra
 10955 | Lair:3   | Noticed an eight-headed hydra
 10962 | Lair:3   | Killed a nine-headed hydra
 11462 | Lair:4   | Reached skill level 15 in Axes
 11554 | Lair:4   | Found a staircase to the Snake Pit.
 11593 | Lair:4   | Noticed an eight-headed hydra
 11613 | Lair:4   | Killed a nine-headed hydra
 11613 | Lair:4   | Reached skill level 10 in Fighting
 12049 | Snake:1  | Entered Level 1 of the Snake Pit
 12093 | Lair:5   | Received a gift from Trog
 12136 | Lair:5   | Noticed Nergalle
 12151 | Lair:5   | Killed Nergalle
 12151 | Lair:5   | Gained mutation: You are partially covered in large bone plates (AC +2, SH +2). [demonic ancestry]
 12151 | Lair:5   | Reached XP level 13. HP: 44/103 MP: 13/13
 13584 | Lair:6   | Found a glowing golden altar of the Shining One.
 13803 | Lair:6   | Reached skill level 3 in Dodging
 14074 | Lair:6   | Reached skill level 16 in Axes
 14241 | Lair:7   | Noticed Harold
 14260 | Lair:7   | Killed Harold
 14392 | Lair:7   | Received a gift from Trog
 14747 | Lair:7   | Reached skill level 5 in Dodging
 15118 | Lair:7   | Received a gift from Trog
 15301 | Lair:8   | Entered Level 8 of the Lair of Beasts
 15316 | Lair:8   | Gained mutation: You can steal the life force of all defeated enemies in sight. [demonic ancestry]
 15316 | Lair:8   | Reached XP level 14. HP: 113/113 MP: 14/14
 15391 | Lair:8   | Reached skill level 6 in Dodging
 15401 | Lair:8   | Found a frozen archway.
 15409 | Lair:8   | Received a gift from Trog
 15458 | IceCv    | Entered an ice cave
 15979 | IceCv    | Found an ancient bone altar of Kikubaaqudgha.
 16741 | Lair:8   | Found a viscous altar of Jiyva.
 16742 | Lair:8   | Found a staircase to the Slime Pits.
 16948 | Lair:8   | Reached skill level 8 in Dodging
 16957 | Lair:8   | Reached skill level 17 in Axes
 17459 | Lair:8   | Received a gift from Trog
 17766 | Lair:1   | Got a clouded glass ring
 17773 | Lair:1   | Identified the ring of Blue {SustAb Str+3} (You found it on level 1 of the Lair of Beasts)
 18182 | D:11     | Got a transparent chain mail
 18212 | D:11     | Identified the +0 chain mail "Mnehir" {+Blink rF+} (You found it on level 11 of the Dungeon)
 18693 | D:12     | Reached skill level 12 in Fighting
 18788 | D:12     | Found a glowing golden altar of the Shining One.
 18801 | D:12     | Found a staircase to the Orcish Mines.
 19159 | Orc:1    | Entered Level 1 of the Orcish Mines
 19170 | Orc:1    | Received a gift from Trog
 19436 | Orc:1    | Found a bloodstained altar of Trog.
 19545 | Orc:2    | Gained mutation: You are mostly covered in large bone plates (AC +3, SH +3). [demonic ancestry]
 19545 | Orc:2    | Reached XP level 15. HP: 111/120 MP: 15/15
 19663 | Orc:2    | Received a gift from Trog
 20053 | Orc:1    | Noticed Joseph
 20069 | Orc:1    | Killed Joseph
 20078 | Orc:1    | Found a radiant altar of Vehumet.
 20400 | Orc:3    | Found a staircase to the Elven Halls.
 20475 | Orc:3    | Received a gift from Trog
 20949 | Orc:4    | Entered Level 4 of the Orcish Mines
 21082 | Orc:4    | Found a roughly hewn altar of Beogh.
 21380 | Orc:4    | Found Upriank's Antique Weapon Shop.
 21413 | Orc:4    | Found Daitais' Jewellery Emporium.
 21434 | Orc:4    | Bought the amulet "Inodum" {Clar MR++} for 531 gold pieces
 21446 | Orc:4    | Received a gift from Trog
 21474 | Orc:4    | Found a bloodstained altar of Trog.
 21589 | Orc:4    | Noticed Urug
 21596 | Orc:4    | Killed Urug
 21696 | Orc:4    | Found Ewian's Jewellery Emporium.
 21696 | Orc:4    | Found Guxiqom's Jewellery Shop.
 21762 | Orc:4    | Bought a +6 ring of protection for 1170 gold pieces
 22034 | D:13     | Found a flagged portal.
 22044 | Bailey   | Entered a bailey
 22075 | Bailey   | Found an iron altar of Okawaru.
 22136 | D:13     | Reached skill level 10 in Dodging
 22235 | D:13     | Found a basalt altar of Yredelemnul.
 22393 | D:13     | Found a burning altar of Makhleb.
 22626 | D:13     | Found a gate to the Vaults.
 22832 | D:14     | Found a glowing golden altar of the Shining One.
 22875 | D:14     | Received a gift from Trog
 22876 | D:14     | Reached skill level 18 in Axes
 22890 | D:14     | Noticed Kirke
 22897 | D:14     | Killed Kirke
 22922 | D:14     | Got a fabulously ornate robe
 23378 | D:15     | Entered Level 15 of the Dungeon
 23481 | D:15     | Found a staircase to the Depths.
 23969 | D:15     | Upgraded the game from 0.16-a0-3260-g19c2095 to 0.16-a0-3288-g377cd6f
 24121 | D:15     | Identified the -4 robe "Riusod" {+Inv rPois rF+ Dex+2} (You found it on level 14 of the Dungeon)
 24124 | D:15     | Lost mutation: Your body is slowly deteriorating. [potion of cure mutation]
 24124 | D:15     | Lost mutation: You are agile. (Dex +2) [potion of cure mutation]
 24124 | D:15     | Lost mutation: Scrolls take you a little longer to read. [potion of cure mutation]
 24124 | D:15     | Lost mutation: You possess an exceptional clarity of mind. [potion of cure mutation]
 24189 | D:14     | Gained mutation: You have claws for feet. [demonic ancestry]
 24189 | D:14     | Reached XP level 16. HP: 111/129 MP: 16/16
 24633 | Snake:1  | Found a deep blue altar of Sif Muna.
 24781 | Snake:1  | Noticed an anaconda
 24792 | Snake:1  | Killed an anaconda
 24792 | Snake:1  | Received a gift from Trog
 25898 | Snake:2  | Noticed Aizul
 25914 | Snake:2  | Killed Aizul
 26366 | Snake:3  | Reached skill level 12 in Dodging
 26532 | Snake:3  | Received a gift from Trog
 27689 | Snake:4  | Noticed Saint Roka
 27709 | Snake:4  | Reached skill level 1 in Evocations
 27717 | Snake:4  | Killed Saint Roka
 27907 | Snake:4  | Reached skill level 19 in Axes
 27957 | Snake:4  | Reached skill level 3 in Evocations
 28006 | Snake:4  | Received a gift from Trog
 28346 | Snake:4  | Noticed Donald
 28356 | Snake:4  | Killed Donald
 28554 | Snake:4  | Gained mutation: You are completely covered in large bone plates (AC +4, SH +4). [demonic ancestry]
 28554 | Snake:4  | Reached XP level 17. HP: 109/138 MP: 22/23
 28655 | Snake:5  | Entered Level 5 of the Snake Pit
 28981 | Snake:5  | Gained mutation: You are agile. (Dex +2) [potion of beneficial mutation]
 29009 | Snake:5  | Reached skill level 5 in Evocations
 29099 | Snake:5  | Got a scintillating amber ring
 29109 | Snake:5  | Identified the ring of the Invisible Hand {Int+4 Dex-1 Slay+5} (You found it on level 5 of the Snake Pit)
 29166 | Snake:4  | Reached skill level 6 in Evocations
 29247 | Snake:4  | Reached skill level 14 in Fighting
 29314 | Snake:5  | Slain by a guardian serpent

Vanquished Creatures
  Saint Roka (Snake:4)
  Donald (Snake:4)
  7 greater nagas
  An orc warlord (Orc:4)
  A frost giant (D:10)
  Aizul (Snake:2)
  3 hydras
  An ice dragon (Lair:1)
  Harold (Lair:7)
  6 naga warriors
  A quicksilver dragon skeleton (D:15)
  2 centaur warriors
  7 anacondas
  7 death yaks (Lair:8)
  2 tengu warriors
  Urug (Orc:4)
  5 naga sharpshooters
  A fire crab (Lair:8)
  6 shock serpents
  Nergalle (Lair:5)
  3 catoblepae (Lair:8)
  3 salamander mystics (Snake:4)
  A skeletal warrior (D:15)
  9 sea snakes
  9 hill giants
  A naga ritualist (Snake:4)
  2 unseen horrors
  8 orc knights
  2 ice statues
  A flayed ghost (D:15)
  2 necromancers
  3 griffons
  A wolf spider zombie (D:15)
  9 salamanders
  An iron dragon zombie (D:15)
  13 ugly things
  3 oklob plants (Lair:2)
  5 mana vipers
  A manticore (D:12)
  4 cyclopes
  27 black mambas
  13 guardian serpents
  3 orc sorcerers
  Joseph (Orc:1)
  24 elephants
  2 centaur zombies
  3 centaur skeletons
  10 spiny frogs
  A yaktaur (D:15)
  15 naga magi
  A kobold demonologist (D:13)
  4 gargoyles
  A redback zombie (D:13)
  3 komodo dragons
  3 fire drakes
  2 tengu conjurers
  A wolf spider simulacrum (IceCv)
  A guardian mummy (D:15)
  35 blink frogs
  10 freezing wraiths (IceCv)
  5 wandering mushrooms
  Sonja (D:10)
  Grinder (D:4)
  A shadow (D:13)
  9 slime creatures
  A two-headed ogre (D:13)
  3 deep elf magi
  A spriggan zombie (D:15)
  2 ravens
  2 trolls
  A harpy skeleton (D:15)
  5 basilisks
  7 hippogriffs
  5 hungry ghosts
  4 water elementals
  An ice dragon skeleton (D:15)
  9 wyverns
  55 yaks
  A steam dragon (D:10)
  2 wraiths
  35 nagas
  12 vampire mosquitoes
  12 wolves
  8 wargs
  30 water moccasins
  2 yellow wasps
  44 orc warriors
  A hell hound (Lair:7)
  2 black bears
  14 porcupines
  A sky beast (D:9)
  21 ice beasts
  5 centaurs
  2 phantoms
  4 boggarts (D:15)
  A necrophage (D:7)
  2 boring beetles
  2 big kobolds
  5 ogres
  19 crocodiles
  20 giant frogs
  Blork the orc (D:5)
  A wyvern zombie (D:11)
  7 scorpions
  A wyvern skeleton (D:12)
  3 troll zombies (D:12)
  A swamp dragon simulacrum (IceCv)
  12 crimson imps
  3 draconian simulacra (IceCv)
  A goliath beetle (D:8)
  10 electric eels
  4 giant frog zombies
  2 giant frog skeletons (D:9)
  11 hounds
  20 orc priests
  34 orc wizards
  5 hell rats
  8 worker ants
  6 iguanas
  A killer bee zombie (D:9)
  2 wolf simulacra (IceCv)
  A centaur simulacrum (IceCv)
  20 sheep
  A spriggan simulacrum (IceCv)
  4 troll simulacra (IceCv)
  5 ogre zombies (D:12)
  3 hound skeletons
  A mummy (D:13)
  A worker ant zombie (D:6)
  47 river rats
  26 adders
  4 gnolls (D:11)
  5 naga simulacra (IceCv)
  4 ogre simulacra (IceCv)
  A giant mite (D:5)
  2 shadow imps
  4 worms
  27 white imps
  5 giant geckos
  182 orcs
  3 ball pythons
  A bat skeleton (D:4)
  A bat zombie (D:8)
  A giant cockroach (D:3)
  15 goblins
  9 hobgoblins
  15 kobolds
  An ooze (D:3)
  15 quokkas
  12 bats
  A giant gecko skeleton (D:8)
  A giant gecko zombie (D:5)
  5 giant newts
  2 giant spores
  A goblin skeleton (D:12)
  5 goblin zombies (D:12)
  2 hobgoblin skeletons (D:12)
  14 jackals
  A jackal zombie (D:7)
  3 orc skeletons (D:12)
  14 orc zombies (D:12)
  16 rats
  7 spectral orcs (Lair:5)
  8 ballistomycetes
  A bush (Lair:2)
  18 fungi
  16 plants
1319 creatures vanquished.

Vanquished Creatures (collateral kills)
  Kirke (D:14)
  2 hydras
  2 naga magi (Snake:4)
  A hog (D:14)
  A naga (Snake:4)
  A giant frog (Lair:4)
  A spriggan simulacrum (IceCv)
  A centaur simulacrum (IceCv)
10 creatures vanquished.

Vanquished Creatures (others)
  A guardian serpent (Snake:4)
  A two-headed ogre (D:10)
  2 humans (D:14)
  An earth elemental (Snake:4)
  A crimson imp (D:14)
  A giant spore (D:14)
  7 fungi
  3 plants
17 creatures vanquished.

Grand Total: 1346 creatures vanquished

Action                   |  1- 3 |  4- 6 |  7- 9 | 10-12 | 13-15 | 16-18 || total
-------------------------+-------+-------+-------+-------+-------+-------++-------
Melee: Hand axe          |    90 |       |       |       |       |       ||    90
       Battleaxe         |    33 |    97 |   475 |   587 |  1409 |   699 ||  3300
       Executioner's axe |       |       |       |       |    63 |       ||    63
Throw: Throwing net      |       |       |       |     1 |       |       ||     1
Invok: Berserk           |     1 |     2 |     5 |    11 |    19 |     3 ||    41
       Trog's Hand       |     1 |     2 |     2 |    13 |    12 |    10 ||    40
       Brothers in Arms  |       |       |       |     4 |     2 |     1 ||     7
       Burn Spellbooks   |       |       |       |     1 |     2 |     3 ||     6
Evoke: Wand              |       |       |       |     3 |     1 |       ||     4
       Rod               |       |       |       |     1 |       |       ||     1
       Stone of tremors  |       |       |       |     1 |       |     1 ||     2
  Use: Scroll            |     7 |       |     5 |     6 |    13 |     9 ||    40
       Potion            |       |       |     8 |     8 |     4 |     3 ||    23
 Stab: Confused          |       |       |       |     2 |       |       ||     2
       Invisible         |       |       |       |     1 |       |       ||     1
       Sleeping          |       |       |       |       |     3 |       ||     3
       Distracted        |       |       |       |       |     1 |       ||     1
  Eat: Chunk             |     4 |     4 |     8 |    14 |    40 |     9 ||    79
       Fruit             |       |       |     4 |       |     3 |       ||     7
       Royal jelly       |       |       |     1 |     2 |     2 |     1 ||     6
       Bread ration      |       |       |     1 |     3 |       |     1 ||     5
       Beef jerky        |       |       |     2 |     1 |     7 |       ||    10
       Pizza             |       |       |     1 |     2 |     2 |       ||     5
       Meat ration       |       |       |       |       |     1 |     1 ||     2

Vault maps used:
D:1:      ncdulo_halloftheorcs, grunt_decor_one_mirror
D:2:      nicolae_overflow_quartered_altars, serial_glass, glass_columns_a,
          glass_columns_a, baited_tele_trap
D:4:      minmay_temple_entry_poolview, hangedman_minor_gate_pass, uniq_grinder
D:5:      lemuel_coloured_pillars_altar, first_bread, uniq_blork_the_orc
D:6:      kennysheep_orc_sif_temple
D:9:      minitemple, basic_altar, roderic_greek_sauvastika, grunt_ogre_cave,
          lemuel_another_geyser
D:10:     dpeg_lair_monsters, kennysheep_just_a_vault, uniq_sonja
D:11:     minmay_item_behind_shaft
D:12:     zombieorc2_lemuel, basic_altar
D:13:     david_vaults_1, basic_altar, enter_bailey_2, yredelemnul_altar_generic
D:14:     basic_altar, minmay_crystal_room, uniq_kirke
D:15:     gammafunk_depths_entry_grave, hive_lemuel
Lair:1:   ice2_lemuel
Lair:2:   disabler_island
Lair:3:   swamp_mist_pool, st_stairs_6, columned_hall_lemuel
Lair:4:   dummy_snake_entry
Lair:5:   lemuel_fruit_tree, uniq_nergalle
Lair:6:   basic_altar, grunt_megastairs_3
Lair:7:   kennysheep_rathole, special_room, uniq_harold
Lair:8:   evilmike_catoblepas_cave, slime_altar_1, portal_ice_cave_entry_imps,
          fungi_pond_lemuel, serial_bayou_ford_a
Snake:1:  basic_altar
Snake:2:  uniq_aizul
Snake:3:  grunt_ministairs_15, hangedman_snake_corridor_cut
Snake:4:  serial_bayou_shore_a, uniq_donald, uniq_saint_roka
Snake:5:  snake_hunt, st_stairs_11
Orc:1:    basic_altar, bloody_trog, uniq_joseph
Orc:3:    nicolae_orc_pool_cavern, guppyfry_library_mini
Orc:4:    basic_altar, st_orc_town, uniq_urug
Bailey:   bailey_axe_3, bailey
IceCv:    ice_cave_small_necro
